 Dungeon Crawl Stone Soup version 0.30.1-11-g7821555f0a (webtiles) character file.

Game seed: 8089923705439384920

59 Okkudo the Chopper (level 4, 0/41 HPs)
             Began as a Hill Orc Monk on Nov 30, 2023.
             Slain by an orc wizard
             ... wielding a +0 dagger
              (2 damage)
             ... on level 3 of the Dungeon.
             The game lasted 00:04:25 (1707 turns).

Okkudo the Chopper (Hill Orc Monk)                  Turns: 1707, Time: 00:04:26

Health: 0/41       AC:  3    Str: 15    XL:     4   Next: 3%
Magic:  4/4        EV: 12    Int: 10    God:
Gold:   50         SH:  3    Dex: 13    Spells: 3/3 levels left

rFire   . . .        a - +0 hand axe
rCold   + . .        s - +0 buckler
rNeg    . . .        b - +0 robe
rPois   .            v - +0 helmet
rElec   .            (no cloak)
rCorr   .            (no gloves)
SInv    .            (no boots)
Will    .....        (no amulet)
Stlth   +            u - ring of protection from cold
HPRegen 0.26/turn    (no ring)
MPRegen 0.09/turn

%: no passive effects
@: no status effects
A: no striking features
a: no special abilities


You were on level 3 of the Dungeon.
You visited 1 branch of the dungeon, and saw 3 of its levels.

You collected 50 gold pieces.

Inventory:

Hand Weapons
 a - a +0 hand axe (weapon)
Missiles
 o - 5 silver javelins (quivered)
Armour
 b - a +0 robe (worn)
 d - an orb of light
 s - a +0 buckler (worn)
 v - a +0 helmet (worn)
Jewellery
 u - a ring of protection from cold (left hand)
Scrolls
 e - 3 scrolls of identify {unknown}
 f - 2 scrolls of magic mapping {unknown}
 g - a scroll of enchant armour {unknown}
 i - a scroll of amnesia {unknown}
 k - a scroll of brand weapon {unknown}
 m - 3 scrolls of vulnerability {unknown}
 q - a scroll of enchant weapon {unknown}
 r - a scroll of torment {unknown}
 w - a scroll of blinking {unknown}
Potions
 c - a potion of ambrosia
 h - 3 potions of haste {unknown}
 j - a potion of resistance {unknown}
 l - a potion of attraction {unknown}
 n - 2 potions of heal wounds {unknown}
 p - a potion of invisibility {unknown}
 t - a potion of curing {unknown}


   Skills:
 - Level 4.3 Fighting
 * Level 5.0 Axes
 - Level 2.9 Dodging
 + Level 0.3 Shields


You had 3 spell levels left.
You didn't know any spells.
Your spell library contained the following spells:

 Spells                   Type           Power      Damage    Failure   Level
 Sandblast                Erth           0%         2d4       45%         1
 Slow                     Hex            0%         N/A       45%         1
 Cigotuvi's Dreadful Rot  Necr/Pois/Air  0%         N/A       61%         2
 Ensorcelled Hibernation  Hex/Ice        0%         N/A       61%         2
 Passwall                 Tmut/Erth      0%         N/A       61%         2
 Confusing Touch          Hex            0%         N/A       83%         3
 Ignite Poison            Fire/Tmut/Pois 0%         N/A       83%         3
 Spider Form              Tmut/Pois      0%         N/A       83%         3
 Stone Arrow              Conj/Erth      0%         3d7       83%         3
 Vampiric Draining        Necr           0%         2d6       83%         3
 Anguish                  Hex/Necr       0%         N/A       99%         4
 Freezing Cloud           Conj/Ice/Air   0%         6-21      100%        5


Dungeon Overview and Level Annotations

Branches:
Dungeon (3/15)

Altars:
Trog
Xom


Message History

Something hits you. The orc hits you with a +0 flail!
The orc barely misses you.
You nearly stumble into some deep water!
The orc closely misses you. The orc barely misses you.
Something hits you but does no damage.
You feel less confused. The orc barely misses you. Something hits you.
You hit the orc.
The orc is severely wounded.
You hit the orc. You barely miss something. The orc closely misses you.
The orc hits you but does no damage. You block something's attack.
You barely miss the orc.
The orc is severely wounded.
You barely miss something. You hit the orc but do no damage.
The orc misses you. The orc completely misses you. Something hits you.
You hit the orc.
You kill the orc!
You miss something. You closely miss the orc. The orc hits you with a +0 flail.
* * * LOW HITPOINT WARNING * * *
Something hits you but does no damage.
Your Axes skill increases to level 5!
You have reached level 4!
You barely miss the orc.
The orc is heavily wounded.
You hit something but do no damage. The orc hits you with a +0 flail.
* * * LOW HITPOINT WARNING * * *
Something hits you.
* * * LOW HITPOINT WARNING * * *
The orc hits you with a +0 flail.
* * * LOW HITPOINT WARNING * * *
Something hits you but does no damage.
You hit the orc.
You kill the orc!
You hit something but do no damage. Something hits you.
* * * LOW HITPOINT WARNING * * *
Something hits you but does no damage.
Things that are here:
a +0 flail; a +0 scale mail Something hits you.
You die...

........# #........#####
#............##
..............##
.≈.≈≈≈.≈≈≈.≈...#
.≈...≈.≈...≈.#
.≈≈≈.≈.≈.≈≈≈.# #
...≈.≈.≈)≈...## ..##
._.....@{.._..# ...
...≈.≈.≈.≈....###.#
.≈≈≈.≈.≈.≈≈≈..#...#####.
.≈...≈.≈...≈............
.≈.≈≈≈.≈≈≈.≈......#.....
.................#......
..#.####................
..#...................#
...#......#.#......#.


There were no monsters in sight!

Vanquished Creatures
  2 adders (D:2)
  A worm (D:2)
  A dart slug (D:1)
  2 orcs (D:3)
  3 endoplasms
  A giant cockroach (D:2)
  2 goblins
  A hobgoblin (D:2)
  A kobold (D:1)
  2 quokkas
  4 ball pythons
  7 bats
  3 frilled lizards (D:1)
  4 rats (D:2)
34 creatures vanquished.

Notes
Turn   | Place    | Note
-------+----------+-------------------------------------------
     0 | D:1      | Okkudo the Hill Orc Monk began the quest for the Orb.
     0 | D:1      | Reached XP level 1. HP: 19/19 MP: 1/1
   235 | D:1      | Reached XP level 2. HP: 27/27 MP: 2/2
  1043 | D:2      | Reached XP level 3. HP: 28/33 MP: 3/3
  1675 | D:3      | Found a bloodstained altar of Trog.
  1689 | D:3      | Found a shimmering altar of Xom.
  1704 | D:3      | Reached skill level 5 in Axes
  1704 | D:3      | Reached XP level 4. HP: 9/41 MP: 4/4
  1704 | D:3      | HP: 2/41 [orc/+0 flail (4)]
  1707 | D:3      | Slain by an orc wizard

Illustrated notes

Levels and vault maps discovered:
D:1:      dpeg_arrival_fog, layout_basic
D:2:      layout_rooms, minmay_bisected
D:3:      layout_rooms, mainiacjoe_overflow_large_starburst,
          kennysheep_cluttered_room

Skill      XL: |  1  2  3 |
---------------+----------+-----
Fighting       | 4 |  4.3
Axes           | 5 |  5.0
Dodging        | |  2.9
Shields        | |  0.3

Action                     |  1- 3 |  4- 6 || total
---------------------------+-------+-------++-------
  Melee: Hand axe          |   107 |     2 ||   109
 Armour: Robe              |    33 |     2 ||    35
  Dodge: Dodged            |    95 |       ||    95
  Block: Buckler           |     3 |       ||     3
